 Dungeon Crawl Stone Soup version 0.21-a0-582-g1b93aee (webtiles) character file.

116 theanonym the Poker (level 5, -2/41 HPs)
             Began as a Human Skald on Dec 19, 2017.
             Killed from afar by Ijyb (11 damage)
             ... with a wand of acid (4)
             ... on level 3 of the Dungeon.
             The game lasted 00:05:21 (3161 turns).

theanonym the Poker (Human Skald)                   Turns: 3161, Time: 00:05:23

Health: -2/41      AC:  7    Str: 11    XL:     5   Next: 20%
Magic:  8/8        EV:  8    Int: 13    God:
Gold:   72         SH:  3    Dex: 12    Spells: 5/8 levels left

rFire    . . .     SeeInvis .   a - +0 spear
rCold    . . .     Gourm    .   j - +0 buckler
rNeg     . . .     Faith    .   f - +0 scale mail {10}
rPois    +         Spirit   .   o - +0 helmet
rElec    .         Reflect  .   (no cloak)
rCorr    .         Harm     .   (no gloves)
MR       .....                  (no boots)
Stlth    ..........             (no amulet)
HPRegen  0.13/turn              m - -2 ring of strength
MPRegen  0.11/turn              h - ring of poison resistance {rPoisrPois}

@: about to teleport, hasted, very quick
A: no striking features
a: no special abilities


   Skills:
 + Level 3.1 Fighting
 * Level 4.1 Polearms
 - Level 1.0 Armour
 - Level 2.0 Dodging
 + Level 0.7 Shields
 - Level 2.0 Spellcasting
 - Level 3.0 Charms


You had 5 spell levels left.
You knew the following spells:

 Your Spells              Type           Power        Failure   Level  Hunger
a - Infusion              Chrm           #...         56%         1    ##.....
b - Song of Slaying       Chrm           #.......     71%         2    ###....

Skill      XL: |  1  2  3  4 |
---------------+-------------+-----
Polearms       | 3 4 |  4.1
Fighting       | 3 |  3.1
Armour         | |  1.0
Dodging        | |  2.0
Shields        | |  0.7
Spellcasting   | |  2.0
Charms         | |  3.0

Action                   |  1- 3 |  4- 6 || total
-------------------------+-------+-------++-------
Melee: Spear             |   103 |   124 ||   227
 Cast: Infusion          |     4 |     2 ||     6
Evoke: Wand              |       |     2 ||     2
  Use: Scroll            |     3 |     4 ||     7
       Potion            |       |     2 ||     2
 Stab: Sleeping          |     1 |       ||     1
  Eat: Chunk             |     1 |     3 ||     4
       Ration            |     1 |     1 ||     2
Armor: Leather armour    |    15 |       ||    15
       Scale mail        |    15 |    61 ||    76
Dodge: Dodged            |    37 |    50 ||    87
Block: Buckler           |       |     5 ||     5

Inventory:

Hand Weapons
 a - a +0 spear (weapon)
Armour
 f - a +0 scale mail (worn) {10}
   (You found it on level 1 of the Dungeon)
 j - a +0 buckler (worn)
   (You found it on level 3 of the Dungeon)
 o - a +0 helmet (worn)
   (You took it off Robin on level 2 of the Dungeon)
Jewellery
 h - a ring of poison resistance (right hand) {rPoisrPois}
   (You found it on level 1 of the Dungeon)
 m - a -2 ring of strength (left hand)
   (You found it on level 2 of the Dungeon)
Wands
 b - a wand of random effects (14)
   (You found it on level 3 of the Dungeon)
Scrolls
 d - a scroll of remove curse
 n - 4 scrolls of amnesia {unknown}
 p - 2 scrolls of magic mapping {unknown}
 r - a scroll of identify
 t - a scroll of teleportation {!r}
Potions
 g - a potion of might
 i - a potion of agility
 k - a potion of haste
 l - a potion of heal wounds {unknown}
 w - 2 potions of curing
Books
 c - a book of Battle
Comestibles
 e - 8 rations


You were on level 3 of the Dungeon.
You were not hungry.

You visited 1 branch of the dungeon, and saw 3 of its levels.

You collected 72 gold pieces.

Dungeon Overview and Level Annotations

Branches:
Dungeon (3/15)

Altars:
Ashenzari
Wu Jian

Annotations:
D:3 Ijyb, Sigmund


Message History

No target in view!
No target in view!
No target in view!
Unknown command.
There is an open door here.
p - 2 scrolls labeled CESEEL IBAIBBU (gained 1)
Found a stone staircase leading up.
MP restored: 8
There is a stone staircase leading up here.
There is a stone staircase leading up here.
Found an escape hatch in the floor.
Found an ornate altar of the Wu Jian Council.
You open the door.
There is an open door here.
You open the door.
There is an open door here.
Found a stone staircase leading up.
A goblin comes into view. It is wielding a dagger.
The goblin shouts!
A goblin is nearby!
Unknown command.
A rat comes into view.
Attack whom?
Aim: a goblin, wielding a dagger and wearing an agate ring You reach to attack!
You hit the goblin.
The rat moves out of view.
You closely miss the goblin. The goblin hits you but does no damage.
You miss the goblin. You block the goblin's attack.
You are feeling hungry.
You closely miss the goblin.
Sigmund the Dreaded comes into view.
He is wielding a scythe.
The goblin hits you but does no damage.
There is a stone staircase leading up here.
The goblin closely misses you.
You climb upwards.
There is a stone staircase leading down here.
You closely miss the goblin. The goblin closely misses you.
You hit the goblin.
You kill the goblin!
No target in view!
No target in view!
No target in view!
No target in view!
No target in view!
No target in view!
No target in view!
No target in view!
Eating one of 3 chunks of flesh.
You eat one of the 3 chunks of flesh.
There is a stone staircase leading down here.
You eat one of the 9 rations.
That ration really hit the spot!
You climb downwards.
Level annotation: Sigmund
There is a stone staircase leading up here.
There is a stone staircase leading down here.
Some of the chunks of flesh in your inventory have rotted away.
An adder skeleton comes into view.
An adder skeleton is nearby!
Attack whom?
Aim: an adder skeleton You reach to attack!
You hit the adder skeleton but do no damage.
You hit the adder skeleton. You hit the adder skeleton.
The adder skeleton bites you but does no damage.
You hit the adder skeleton but do no damage.
You block the adder skeleton's attack. The adder skeleton barely misses you.
You hit the adder skeleton.
The adder skeleton bites you but does no damage.
You hit the adder skeleton. The adder skeleton bites you.
You take 2 damage, and have 39/41 hp.
You closely miss the adder skeleton. The adder skeleton bites you.
You take 1 damage, and have 38/41 hp.
You hit the adder skeleton.
You destroy the adder skeleton!
No target in view!
No target in view!
You start resting.
All of the chunks of flesh in your inventory have rotted away.
Health restored: 41
There is a stone staircase leading down here.
Ijyb the Twisted Goblin comes into view.
She is wielding a club.
Okay, then.
Okay, then.
Unknown command.
Aim: Ijyb, wielding a club and wearing a scale mail Ijyb twists and deforms.
Ijyb barely misses you.
Aim: Ijyb, wielding a club and wearing a scale mail (misshapen and mutated) Ijyb twists and deforms.
Ijyb zaps a wand.
The bolt of acid hits you!
You are splashed with acid!
The acid burns!
* * * LOW HITPOINT WARNING * * *
It is a wand of acid (4).
You take 31 damage, and have 10/41 hp.
MASSIVE DAMAGE!!
Okay, then.
You feel yourself speed up. Ijyb hits you with a club.
* * * LOW HITPOINT WARNING * * *
You take 1 damage, and have 9/41 hp.
Really read
t - 2 scrolls of teleportation {!r}?
As you read the scroll of teleportation {!r}, it crumbles to dust.
You feel strangely unstable.
Ijyb zaps a wand.
The bolt of acid hits you!
You die...

#.#
#.#############################
#.............................#
#.###########################.#
#.#.......###################.#
#.#.#####...................#.#
#.#.....#################.###.#
#.#####.#########.# #.# #.# #.#
#.#.....@.g.# #.# #.# ###.#
#.#.#######.# #.# #.# ....#
###............. #.# #(#
#######.....#######..... #.# #(#
####...........############.###.#
...............>..............#.#
####.........#.........##.....#.#
...............###..##.########[#
####.........#...................


You could see Ijyb.

Notes
Turn   | Place    | Note
-------+----------+-------------------------------------------
     0 | D:1      | theanonym the Human Skald began the quest for the Orb.
     0 | D:1      | Reached XP level 1. HP: 16/16 MP: 3/3
   396 | D:1      | Reached XP level 2. HP: 22/22 MP: 5/5
   602 | D:1      | Reached XP level 3. HP: 28/28 MP: 6/6
   705 | D:1      | Reached skill level 3 in Polearms
  1434 | D:2      | Reached XP level 4. HP: 34/34 MP: 7/7
  1682 | D:2      | Noticed Robin
  1701 | D:2      | Killed Robin
  2091 | D:2      | Reached skill level 3 in Fighting
  2299 | D:3      | Found a shattered altar of Ashenzari.
  2311 | D:3      | Noticed Jessica
  2325 | D:3      | Learned a level 2 spell: Song of Slaying
  2847 | D:3      | Killed Jessica
  2847 | D:3      | Reached skill level 4 in Polearms
  2847 | D:3      | Reached XP level 5. HP: 41/41 MP: 4/8
  2917 | D:3      | Found an ornate altar of the Wu Jian Council.
  2971 | D:3      | Noticed Sigmund
  3155 | D:3      | Noticed Ijyb
  3157 | D:3      | HP: 10/41 [acid (13)]
  3161 | D:3      | Killed from afar by Ijyb

Vanquished Creatures
  Jessica (D:3)
  Robin (D:2)
  A gnoll (D:1)
  An adder (D:2)
  An adder skeleton (D:3)
  A worm (D:2)
  3 leopard geckos
  An orc (D:3)
  2 giant cockroaches (D:2)
  11 goblins
  5 hobgoblins
  2 ball pythons
  9 bats
  3 frilled lizards
  3 kobolds
  9 rats
54 creatures vanquished.

Table legend:
 A = Turns spent in this place as a percentage of turns spent in the entire game.
 B = Non-inter-level travel turns spent in this place as a percentage of non-inter-level travel turns spent in the entire game.
 C = Inter-level travel turns spent in this place as a percentage of turns spent in this place.
 D = Turns resting spent in this place as a percentage of non-inter-level travel turns spent in this place.
 E = Turns spent auto-exploring this place as a percentage of non-inter-level travel turns spent in this place.
 F = Non-inter-level travel turns spent in this place divided by the number of levels of this place that you've seen.
                   A       B       C       D       E      F
               +-------+-------+-------+-------+-------+----------------------
         Total | 100.0 | 100.0 |   3.7 |  22.8 |  62.9 | 1014.3
       Dungeon | 100.0 | 100.0 |   3.7 |  22.8 |  62.9 | 1014.3
               +-------+-------+-------+-------+-------+----------------------
